 Dungeon Crawl Stone Soup version 0.30.1-9-gdf580d7c3d (webtiles) character file.

Game seed: 1055746707624785388

21 CaptainMV the Shooter (level 2, -2/25 HPs)
             Began as a Naga Wanderer on Oct 23, 2023.
             Slain by an iguana (8 damage)
             ... on level 3 of the Dungeon.
             The game lasted 00:06:33 (869 turns).

CaptainMV the Shooter (Naga Wanderer)                Turns: 869, Time: 00:06:33

Health: -2/25      AC:  3    Str: 13    XL:     2   Next: 83%
Magic:  5/5        EV:  8    Int: 15    God:
Gold:   57         SH:  0    Dex:  8    Spells: 3/5 levels left

rFire   . . .        a - +0 sling
rCold   . . .        (no shield)
rNeg    . . .        b - +0 ring mail
rPois   +            (no helmet)
rElec   .            (no cloak)
rCorr   .            (no gloves)
SInv    +            (no barding)
Will    .....        (no amulet) Stlth
                     (no ring)
HPRegen 0.24/turn    (no ring)
MPRegen 0.09/turn

%: no passive effects
@: very slow
A: AC +0, large, see invisible, deformed body, poison resistance, slowness 2,
spit poison 1, naga tail 1
a: Spit Poison


You were on level 3 of the Dungeon.
You visited 1 branch of the dungeon, and saw 3 of its levels.

You collected 57 gold pieces.

Inventory:

Hand Weapons
 a - a +0 sling (weapon)
Armour
 b - a +0 ring mail (worn)
Potions
 c - a potion of might
 d - a potion of degeneration
 e - a potion of attraction {unknown}
 f - 2 potions of lignification {unknown}
 g - a potion of brilliance {unknown}


   Skills:
 + Level 1.0 Fighting
 + Level 3.2 Ranged Weapons
 + Level 1.7 Armour
 + Level 2.1 Spellcasting
 + Level 2.1 Transmutations


You had 3 spell levels left.
You knew the following spells:

 Your Spells              Type           Power      Damage    Failure   Level
a - Sting                 Tmut/Pois      16%        1d3       30%         1
b - Beastly Appendage     Tmut           16%        N/A       19%         1

Your spell library contained the following spells:

 Spells                   Type           Power      Damage    Failure   Level
 Necrotise                Necr           4%         1d4       43%         1
 Vampiric Draining        Necr           1%         2d6       80%         3
 Petrify                  Tmut/Erth      4%         N/A       96%         4
 Agony                    Necr           1%         N/A       100%        5


Dungeon Overview and Level Annotations

Branches:
Dungeon (3/15)

Altars:


Innate Abilities, Weirdness & Mutations

Your serpentine skin is tough. (AC +0)
You have supernaturally acute eyesight. (SInv)
Armour fits poorly on your strangely shaped body.
Your system is resistant to poisons. (rPois)
You cover ground very slowly.
You can spit poison.
You have a snake-like lower body.


Message History

There is an open door here.
The ball python bites you but does no damage. x2
You shoot a sling bullet.
The sling bullet closely misses the ball python.
The ball python bites you. The ball python barely misses you.
You shoot a sling bullet.
The sling bullet closely misses the ball python.
The ball python bites you but does no damage.
You shoot a sling bullet. The sling bullet hits the ball python.
You kill the ball python!
You open the door.
There is an open door here.
You see here a +0 whip.
There is a stone staircase leading down here.
You climb downwards.
The kobold shouts!
You hear an angry hiss. x2
Found 6 gold pieces.
Found a stone staircase leading down.
There is a stone staircase leading up here.
Found 14 gold pieces.
An iguana comes into view.
Found a buckler and a scroll labelled ROALANIUFF.
A ball python comes into view.
The kobold throws a stone.
The stone hits you. The iguana attacks as you move away!
The iguana bites you but does no damage.
A kobold comes into view. It is wielding a +0 whip.
The iguana bites you.
You shoot a sling bullet. The kobold shouts!
The sling bullet hits the iguana.
The iguana is lightly wounded.
The kobold hits you with a +0 whip. The iguana bites you!
Ouch! That really hurt!
* * * LOW HITPOINT WARNING * * *
The kobold hits you with a +0 whip.
* * * LOW HITPOINT WARNING * * *
There is a stone staircase leading up, spattered with blood here.
You can't go down here!
The kobold barely misses you. The iguana bites you!
You die...

....?.. .......
....[.. # .......
.## ....... ...#
....... ###..#
.......##@..####
..S....SKl.......
#####.$..#######.
....K..##
#......# #......#
........#
....>...#
##..$...#


You could see an iguana, 2 ball pythons and 2 kobolds.

Vanquished Creatures
  An adder (D:2)
  A hobgoblin (D:2)
  A quokka (D:1)
  3 ball pythons
  3 bats
  2 goblins
  3 kobolds
14 creatures vanquished.

Notes
Turn   | Place    | Note
-------+----------+-------------------------------------------
     0 | D:1      | CaptainMV the Naga Wanderer began the quest for the Orb.
     0 | D:1      | CaptainMV set off with the following items: a +0 sling, a
                  | +0 ring mail, a potion of might; and the following spells
                  | available to memorise: Beastly Appendage, Sting, Petrify.
     0 | D:1      | Reached XP level 1. HP: 18/18 MP: 3/3
     2 | D:1      | Learned a level 1 spell: Sting
    51 | D:1      | You fall into a shaft and drop 1 floor!
   126 | D:2      | Reached XP level 2. HP: 25/25 MP: 1/5
   139 | D:2      | Learned a level 1 spell: Beastly Appendage
   321 | D:2      | Reached skill level 3 in Ranged Weapons
   633 | D:2      | Found a faded altar of an unknown god.
   869 | D:3      | Slain by an iguana

Illustrated notes

Levels and vault maps discovered:
D:1:      eino_arrival_water_cross, layout_basic
D:2:      layout_basic, shapermc_ecumenical_altar_gd, glass_columns_c
D:3:      layout_rooms, nicolae_overflow_ecumenical_swirl, serial_shops,
          nicolae_lakefront_shop, uniq_ijyb

Skill      XL: |  1  2 |
---------------+-------+-----
Ranged Weapons | 3 |  3.2
Fighting       | |  1.0
Armour         | |  1.7
Spellcasting   | |  2.1
Transmutations | |  2.1

Action                     || total
---------------------------++-------
   Fire: Sling             ||    41
   Cast: Sting             ||    14
Ability: Spit Poison       ||     1
    Use: Scroll            ||     3
 Armour: Ring mail         ||    25
  Dodge: Dodged            ||    27
